 Dungeon Crawl Stone Soup version 0.27-a0-1071-ga85bd9520d (webtiles) character file.

Game seed: 1744534010001897123

91 spiderkeys the Insei (level 4, -11/29 HPs)
             Began as an Octopode Transmuter on Apr 25, 2021.
             Was a Believer of Sif Muna.
             Killed by nerve-wracking pain
             ... invoked by Grinder
              (13 damage)
             ... on level 3 of the Dungeon.
             The game lasted 00:07:46 (3949 turns).

spiderkeys the Insei (Octopode Transmuter)          Turns: 3949, Time: 00:07:47

Health: -11/29     AC:  8    Str:  9    XL:     4   Next: 59%
Magic:  7/7        EV: 13    Int: 16    God:    Sif Muna [**....]
Gold:   132        SH:  0    Dex: 12    Spells: 7/8 levels left

rFire    . . .     SeeInvis .   c - +0 trident (protect)
rCold    . . .     Faith    +   (no shield)
rNeg     . . .     Spirit   .   (helmet currently unavailable)
rPois    .         Reflect  .   T - amulet of faith {!P}
rElec    .         Harm     .   (no ring)
rCorr    .         Rampage  .   (no ring)
Will     .....                  (no ring)
Stlth    ++........             (no ring)
HPRegen  0.09/turn              (no ring)
MPRegen  0.10/turn              (no ring)
                                (no ring)
                                (no ring)

@: appendages (expiring), under a protective aura
A: tentacle spike 3, almost no armour, amphibious, 8 rings, camouflage 1,
gelatinous body 1, (nimble swimmer 1), tentacles
a: End Transformation, Renounce Religion, Channel Magic


You were on level 3 of the Dungeon.
You worshipped Sif Muna.
Sif Muna was pleased with you.
One of your tentacles had grown a beastly spike.
You visited 1 branch of the dungeon, and saw 3 of its levels.

You collected 132 gold pieces.


Innate Abilities, Weirdness & Mutations

One of your tentacles has grown a beastly spike.
You cannot wear most types of armour.
You are amphibious.
You can wear up to eight rings at the same time.
Your skin changes colour to match your surroundings (Stealth+).
Your rubbery body absorbs attacks. (AC +1, EV +1)
((You are camouflaged near water. (Stealth+)))
You have tentacles for arms and can constrict up to eight enemies at once.


   Skills:
 + Level 2.0 Fighting
 + Level 2.7 Dodging
 + Level 3.5 Unarmed Combat
 + Level 2.6 Spellcasting
 + Level 2.6 Transmutations


You had 7 spell levels left.
You knew the following spells:

 Your Spells              Type           Power      Damage    Failure   Level
b - Beastly Appendage     Tmut           20%        N/A       7%          1

Your spell library contained the following spells:

 Spells                   Type           Power      Damage    Failure   Level
 Wereblood                Tmut           10%        N/A       10%         2
 Spider Form              Tmut/Pois      3%         N/A       34%         3
 Ice Form                 Ice/Tmut       6%         N/A       75%         4
 Hydra Form               Tmut           5%         N/A       88%         5

Inventory:

Hand Weapons
 c - a +0 trident of protection (weapon)
   (You took it off an orc on level 3 of the Dungeon)
Missiles
 a - 83 stones
 d - 3 poisoned darts
 e - 21 sling bullets
Jewellery
 T - an amulet of faith (around mantle) {!P}
   (You took it off an orc on level 3 of the Dungeon)
Potions
 b - a potion of haste {@q3}
 f - a potion of mutation {unknown}
 g - a potion of might {unknown}

Dungeon Overview and Level Annotations

Branches:
Dungeon (3/15)

Altars:
Ashenzari
Cheibriados
Gozag
Kikubaaqudgha
Okawaru
Sif Muna
Uskayaw
Wu Jian

Annotations:
D:3 Grinder

#.........#
#.........#
#.........#
#.........#
###...).....#
##...........##.
#..#............
.............##
####....@5...#
#.........#
#........[...
#.#######.#..
#.#..r..#....
#.#$....#....
#.#.._..'....
#.#....$#....


You could see Grinder and a rat.


Message History

The helpless frilled lizard fails to defend itself.
You hit the frilled lizard.
Your weapon exudes an aura of protection.
You kill the frilled lizard!
Sif Muna accepts your kill.
No target in view!
No target in view!
No target in view!
Your transformation is almost over.
Your tentacle spike disappears.
Key pressed, stopping explore.
A goblin comes into view. It is wielding a +0 club. 😎 MP[+1]
Your mp is fully restored (7).
A goblin is nearby!
One of your tentacles grows a vicious spike. 😎 MP[-1]
You lost 1 mp, and now have 6/7 mp.
You reach to attack!
You puncture the goblin!
Your weapon exudes an aura of protection.
You kill the goblin!
Sif Muna accepts your kill.
Your transformation is almost over.
Grinder comes into view. 😎 MP[+1]
Your mp is fully restored (7).
You miscast Beastly Appendage.
You are very lightly contaminated with residual magic.
Nothing appears to happen. 😎 MP[-1]
You lost 1 mp, and now have 6/7 mp.
Grinder shouts!
Things that are here:
a +0 club; a goblin corpse Your tentacle spike disappears.
You barely miss Grinder. Your grab misses Grinder. Grinder hits you.
You writhe in agony. 😮 HP[-9]
You take 9 damage, and now have 20/29 hp.
MASSIVE DAMAGE!! (PAUSE)
You are too injured to fight recklessly!
Casting: Beastly Appendage (safe; 7% risk of failure)
Confirm with . or Enter, or press ? or * to list all spells.
One of your tentacles grows a vicious spike.
Grinder hits you.
You writhe in agony.
* * * LOW HITPOINT WARNING * * *
😨 HP[-7] MP[-1]
You take 7 damage, and now have 13/29 hp.
MASSIVE DAMAGE!! (PAUSE)
You lost 1 mp, and now have 5/7 mp.
You closely miss Grinder. You grab Grinder. You squeeze Grinder!
You constrict Grinder, but do no damage.
Grinder barely misses you.
Your magical contamination has completely faded away.
You hit Grinder.
Your weapon exudes an aura of protection.
You squeeze Grinder, but do no damage.
You constrict Grinder, but do no damage.
Grinder blinks free!
Grinder blinks!
Found a shimmering blue altar of Sif Muna. 😨 MP[+1] 😨 HP[+1]
You barely miss Grinder. You grab Grinder.
You pierce Grinder, but do no damage.
You constrict Grinder. Grinder barely misses you.
You hit Grinder but do no damage.
Your weapon exudes an aura of protection.
You squeeze Grinder. You constrict Grinder.
A rat comes into view.
Grinder hits you but does no damage.
You hit Grinder but do no damage.
You pierce Grinder, but do no damage.
You squeeze Grinder. You constrict Grinder.
Grinder hits you but does no damage.
Grinder says, "Don't move a muscle."
Grinder blinks free!
Your transformation is almost over.
Reach: c) +0 trident (protect)
Press: ? - help, Dir - move target, f - Grinder
Aim: Grinder (heavily wounded, about 48% to evade your +0 trident of protection)
You reach to attack!
You hit Grinder. You hit Grinder but do no damage. You grab Grinder.
You pierce Grinder.
You constrict Grinder, but do no damage.
Grinder hits you!
* * * LOW HITPOINT WARNING * * *
😱 HP[-10]
You take 10 damage, and now have 4/29 hp.
MASSIVE DAMAGE!! (PAUSE)
You puncture Grinder!
You pierce Grinder, but do no damage.
You constrict Grinder, but do no damage.
Grinder hits you.
* * * LOW HITPOINT WARNING * * *
😱 HP[-3] MP[+1]
You take 3 damage, and now have 1/29 hp.
Your mp is fully restored (7).
You hit Grinder.
You constrict Grinder, but do no damage.
Grinder gestures at you. Pain shoots through your body!
You die...

Skill      XL: |  1  2  3  4 |
---------------+-------------+-----
Fighting       | 2 |  2.0
Dodging        | |  2.7
Unarmed Combat | |  3.5
Spellcasting   | |  2.6
Transmutations | |  2.6

Action                   |  1- 3 |  4- 6 || total
-------------------------+-------+-------++-------
Melee: Unarmed           |    89 |     4 ||    93
       Kick              |    32 |    11 ||    43
       Constrict         |    26 |    12 ||    38
       Tentacles         |    13 |     6 ||    19
       Trident           |       |    36 ||    36
 Cast: Beastly Appendage |    31 |    10 ||    41
  Use: Scroll            |     6 |       ||     6
 Stab: Sleeping          |     6 |     2 ||     8
Armor: Skin              |     3 |     7 ||    10
Dodge: Dodged            |    52 |    26 ||    78

Levels and vault maps discovered:
D:1:      ldierk_walled_garden_2, layout_loops_cross, corexii_hall_statues_i,
          minmay_misc_feat_roman, lemuel_flame_loot_1
D:2:      layout_basic, shapermc_ecumenical_altar_mp_vishouse,
          amethyst_killhole, guppyfry_early_orc_mine
D:3:      minmay_diamond_boxcup, layout_rooms, minitemple,
          amcnicky_altar_gilded, minivault_4, uniq_grinder

Notes
Turn   | Place    | Note
-------+----------+-------------------------------------------
     0 | D:1      | spiderkeys the Octopode Transmuter began the quest for the
                  | Orb.
     0 | D:1      | Reached XP level 1. HP: 13/13 MP: 3/3
     0 | D:1      | magus.rc [v1.9.10]
   438 | D:1      | Reached XP level 2. HP: 18/18 MP: 3/5
  1147 | D:2      | HP: 4/18 [kobold/+0 short sword (5)]
  1386 | D:2      | Reached XP level 3. HP: 23/23 MP: 4/6
  1432 | D:2      | Found a faded altar of an unknown god.
  1435 | D:2      | Became a worshipper of Sif Muna the Loreminder
  1435 | D:2      | Reached * piety under Sif Muna
  2539 | D:3      | Found a broken altar of Ashenzari.
  2543 | D:3      | Found a snail-covered altar of Cheibriados.
  2545 | D:3      | Found an ornate altar of the Wu Jian Council.
  2545 | D:3      | Found an ancient bone altar of Kikubaaqudgha.
  2546 | D:3      | Found an iron altar of Okawaru.
  2550 | D:3      | Found an opulent altar of Gozag.
  2551 | D:3      | Found a hide-covered altar of Uskayaw.
  2643 | D:2      | HP: 2/24 [orc/+0 hand axe (5)]
  3367 | D:2      | Reached XP level 4. HP: 27/29 MP: 5/7
  3778 | D:3      | Reached skill level 2 in Fighting
  3782 | D:3      | Reached ** piety under Sif Muna
  3930 | D:3      | Noticed Grinder
  3939 | D:3      | Found a shimmering blue altar of Sif Muna.
  3947 | D:3      | HP: 4/29 [Grinder (10)]
  3948 | D:3      | HP: 1/29 [Grinder (3)]
  3949 | D:3      | Killed from afar by Grinder

Vanquished Creatures
  An adder (D:3)
  An ufetubus (D:3)
  2 worms (D:2)
  2 dart slugs (D:3)
  7 orcs
  3 ball pythons (D:2)
  4 bats
  3 endoplasms (D:2)
  2 giant cockroaches
  6 goblins
  7 hobgoblins
  9 kobolds
  2 quokkas (D:1)
  2 frilled lizards
  5 rats
56 creatures vanquished.

Vanquished Creatures (others)
  A giant cockroach (D:1)
  4 toadstools (D:1)
5 creatures vanquished.

Grand Total: 61 creatures vanquished

Table legend:
 A = Non-vault XP
 B = Vault XP
 C = Vault XP percentage of total XP
 D = Non-vault monster count
 E = Vault monster count
 F = Vault count percentage of total count
                 A         B        C        D         E       F
            +---------+---------+-------+---------+---------+-------
      Total |      88 |      43 |  32.8 |      42 |      14 |  25.0
            +---------+---------+-------+---------+---------+-------
        D:1 |      20 |       0 |   0.0 |      12 |       0 |   0.0
        D:2 |      43 |      15 |  25.9 |      21 |       7 |  25.0
        D:3 |      25 |      28 |  52.8 |       9 |       7 |  43.8
            +---------+---------+-------+---------+---------+-------

Illustrated notes

Table legend:
 A = Kills in this place as a percentage of kills in entire the game.
 B = Kills by you in this place as a percentage of kills by you in the entire game.
 C = Kills by friends in this place as a percentage of kills by friends in the entire game.
 D = Other kills in this place as a percentage of other kills in the entire game.
 E = Experience gained in this place as a percentage of experience gained in the entire game.
 F = Experience gained in this place divided by the number of levels of this place that you have seen.
                   A       B       C       D       E      F
               +-------+-------+-------+-------+-------+----------------------
         Total | 100.0 | 100.0 |   N/A |   N/A | 100.0 |  43.7
       Dungeon | 100.0 | 100.0 |   N/A |   N/A | 100.0 |  43.7
               +-------+-------+-------+-------+-------+----------------------

Table legend: (Time is in decaauts)
 A = Elapsed time spent in this place.
 B = Non-inter-level travel time spent in this place.
 C = Inter-level travel time spent in this place.
 D = Time resting spent in this place.
 E = Time spent auto-exploring this place.
 F = Levels seen in this place.
 G = Mean time per level.
                   A        B        C        D        E       F      G
               +--------+--------+--------+--------+--------+-----+--------+
         Total |   3958 |   3915 |     43 |    989 |   2444 |   3 | 1319.3 |
       Dungeon |   3958 |   3915 |     43 |    989 |   2444 |   3 | 1319.3 |
               +--------+--------+--------+--------+--------+-----+--------+

Top non-repeatable levels by time:
     D:2: 2032 daAuts
     D:1: 1226 daAuts
     D:3: 699 daAuts
